 Dungeon Crawl Stone Soup version 0.29.1-15-g9cfb28693d (webtiles) character file.

Game seed: 3162448233345589516

405 H0rd4k the Charlatan (level 7, 0/52 HPs)
             Began as a Human Artificer on Apr 26, 2023.
             Slain by a two-headed ogre
             ... wielding a +0 giant spiked club
              (24 damage)
             ... on level 4 of the Dungeon.
             The game lasted 00:03:53 (5606 turns).

H0rd4k the Charlatan (Human Artificer)              Turns: 5606, Time: 00:03:54

Health: 0/52       AC:  3    Str: 12    XL:     7   Next: 12%
Magic:  7/7        EV: 12    Int: 13    God:
Gold:   268        SH:  0    Dex: 14    Spells: 6/6 levels left

rFire   + . .      SeeInvis .   f - +1 dagger (flame)
rCold   . . .      Faith    .   (no shield)
rNeg    + . .      Spirit   .   b - +0 leather armour
rPois   .          Reflect  .   (no helmet)
rElec   .          Harm     .   (no cloak)
rCorr   .          Rampage  .   (no gloves)
Will    .....                   (no boots)
Stlth   ++........              x - amulet of magic regeneration
HPRegen 0.17/turn               y - ring of protection from fire
MPRegen 0.50/turn               u - ring of positive energy

@: no status effects
A: no striking features
a: no special abilities


You were on level 4 of the Dungeon.
You visited 1 branch of the dungeon, and saw 4 of its levels.

You collected 268 gold pieces.

Inventory:

Hand Weapons
 f - a +1 dagger of flaming (weapon)
Missiles
 o - 2 poisoned darts
 s - 6 atropa-tipped darts
Armour
 b - a +0 leather armour (worn)
Magical Staves
 a - a staff of earth
Jewellery
 i - a ring of ice
 r - an amulet of faith
 u - a ring of positive energy (right hand)
 x - an amulet of magic regeneration (around neck)
 y - a ring of protection from fire (left hand)
Wands
 c - a wand of flame (2) (quivered)
 d - a wand of charming (15)
 e - a wand of iceblast (3)
Scrolls
 g - 5 scrolls of identify {unknown}
 h - 3 scrolls of teleportation {unknown}
 k - a scroll of vulnerability {unknown}
 m - a scroll of magic mapping {unknown}
 n - 2 scrolls of noise {unknown}
 p - a scroll of amnesia {unknown}
 v - a scroll of enchant armour {unknown}
Potions
 j - 2 potions of brilliance {unknown}
 l - a potion of ambrosia {unknown}
 q - a potion of haste
 t - 3 potions of attraction
 w - a potion of heal wounds {unknown}
 z - a potion of flight {unknown}
 A - a potion of curing


   Skills:
 + Level 3.3 Fighting
 + Level 1.5 Short Blades
 - Level 2.1 Maces & Flails
 - Level 2.0 Armour
 + Level 3.3 Dodging
 + Level 2.2 Stealth
 + Level 4.3 Evocations


You had 6 spell levels left.
You didn't know any spells.
Your spell library contained the following spells:

 Spells                   Type           Power      Damage    Failure   Level
 Summon Small Mammal      Summ           0%         N/A       36%         1
 Call Canine Familiar     Summ           0%         N/A       75%         3
 Inner Flame              Hex/Fire       0%         N/A       75%         3
 Summon Guardian Golem    Hex/Summ       0%         N/A       75%         3
 Cause Fear               Hex            0%         N/A       98%         4
 Discord                  Hex            0%         N/A       100%        8


Dungeon Overview and Level Annotations

Branches:
Dungeon (4/15)
 Temple: D:4-7

Altars:
Elyvilon
Uskayaw
Wu Jian


Message History

An endoplasm comes into view.
Found a scroll labelled PEBRUCH OMYKIE.
The endoplasm quivers.
There is an open door here.
You catch the helpless hobgoblin completely off-guard!
You puncture the hobgoblin! You burn the hobgoblin.
You kill the hobgoblin!
You hit the endoplasm. You burn the endoplasm.
The endoplasm is heavily wounded.
The endoplasm hits you but does no damage.
You hit the endoplasm. You burn the endoplasm.
You kill the endoplasm!
No target in view!
t - 3 potions of attraction (gained 1)
h - 2 scrolls labelled PEBRUCH OMYKIE (gained 1)
h - 3 scrolls labelled PEBRUCH OMYKIE (gained 1)
Found a stone staircase leading up.
A - a potion of curing You open the door.
Found a stone staircase leading down.
There is an open door here.
There is an open door here.
There is an open door here.
You pick up a book of Callings and begin reading...
You add the spells Summon Small Mammal, Call Canine Familiar and Summon Guardian Golem to your library.
A giant cockroach comes into view.
A giant cockroach is nearby!
A giant cockroach is nearby!
A two-headed ogre comes into view.
It is wielding two +0 giant spiked clubs.
The two-headed ogre shouts in stereo!
The giant cockroach bites you.
You hit the giant cockroach but do no damage.
You hit the two-headed ogre. You burn the two-headed ogre.
The two-headed ogre is lightly wounded.
You hit the two-headed ogre but do no damage.
The two-headed ogre is lightly wounded.
The two-headed ogre hits you with a +0 giant spiked club!!
Ouch! That really hurt!
The two-headed ogre hits you with a +0 giant spiked club!!
You die...

#'#######...#......#
........'...'.>....#
....#####...#......#
... #...#......#
#...#......#
#...#..#####
#...#..# # #...#..#
# #####.@# #
#......BO...#
#######.....#
#.....# ......#
##....# ....# ....#


You could see a two-headed ogre and a giant cockroach.

Vanquished Creatures
  Grinder (D:3)
  A hound (D:4)
  An iguana (D:4)
  7 adders
  A worm (D:2)
  4 dart slugs
  6 bats
  5 endoplasms
  3 giant cockroaches
  8 goblins
  6 hobgoblins
  9 jackals
  9 kobolds
  4 quokkas
  2 ball pythons
  3 frilled lizards
  5 rats
75 creatures vanquished.

Notes
Turn   | Place    | Note
-------+----------+-------------------------------------------
     0 | D:1      | H0rd4k the Human Artificer began the quest for the Orb.
     0 | D:1      | Reached XP level 1. HP: 15/15 MP: 1/1
   519 | D:1      | Reached XP level 2. HP: 10/21 MP: 2/2
  1034 | D:1      | Reached skill level 1 in Maces & Flails
  1034 | D:1      | Reached XP level 3. HP: 21/26 MP: 3/3
  2288 | D:2      | Reached XP level 4. HP: 8/33 MP: 4/4
  3632 | D:2      | Reached XP level 5. HP: 38/38 MP: 5/5
  3860 | D:2      | Found a faded altar of an unknown god.
  4013 | D:3      | Noticed Grinder
  4023 | D:3      | Killed Grinder
  4024 | D:3      | Reached skill level 4 in Evocations
  4024 | D:3      | Reached XP level 6. HP: 34/47 MP: 6/6
  4128 | D:3      | Found an ornate altar of the Wu Jian Council.
  4460 | D:3      | Found a white marble altar of Elyvilon.
  4626 | D:3      | Reached skill level 1 in Short Blades
  5098 | D:4      | Reached XP level 7. HP: 20/52 MP: 7/7
  5333 | D:4      | Found a hide-covered altar of Uskayaw.
  5603 | D:4      | Noticed a two-headed ogre
  5606 | D:4      | Slain by a two-headed ogre

Illustrated notes

Levels and vault maps discovered:
D:1:      dpeg_arrival_simpleton_c, layout_loops_ring, st_stairs_10
D:2:      kb_forest_paths, layout_basic, basic_ecumenical_altar,
          minmay_pentomino_z2
D:3:      minmay_angry_zag, layout_loops_cross, lemuel_crystal_altar,
          nicolae_elyvilon_temple_path, uniq_grinder
D:4:      layout_basic, amcnicky_altar_gilded, goddamned_bats

Skill      XL: |  1  2  3  4  5  6 |
---------------+-------------------+-----
Maces & Flails | 1 2 |  2.1
Fighting       | 2 3 |  3.3
Dodging        | 3 |  3.3
Stealth        | 2 |  2.2
Evocations     | 4 |  4.3
Short Blades   | 1 |  1.5
Armour         | |  2.0

Action                   |  1- 3 |  4- 6 |  7- 9 || total
-------------------------+-------+-------+-------++-------
Melee: Club              |   166 |    57 |       ||   223
       Punch             |     2 |     1 |     1 ||     4
       Dagger            |       |   140 |    38 ||   178
Evoke: Wand              |     2 |    13 |       ||    15
  Use: Potion            |       |     4 |       ||     4
 Stab: Sleeping          |     1 |     1 |       ||     2
       Invisible         |       |     2 |       ||     2
       Distracted        |       |       |     1 ||     1
Armor: Leather armour    |    69 |    48 |     8 ||   125
Dodge: Dodged            |   113 |   110 |    25 ||   248
